 Dungeon Crawl Stone Soup version 0.21.0-30-g47ce8e4 (webtiles) character file.

65 pokedragonboy the Chiller (level 3, -1/19 HPs)
             Began as a Deep Elf Ice Elementalist on Jan 29, 2018.
             Slain by an orc wizard
             ... wielding a +0 dagger
              (5 damage)
             ... on level 3 of the Dungeon.
             The game lasted 00:05:18 (2415 turns).

pokedragonboy the Chiller (DEIE)                    Turns: 2415, Time: 00:05:20

Health: -1/19      AC:  8    Str:  4 (5)  XL:     3   Next: 92%
Magic:  9/10       EV: 12    Int: 17 (20) God:
Gold:   90         SH:  0    Dex: 12 (15) Spells: 3/9 levels left

rFire    . . .     SeeInvis .   (no weapon)
rCold    . . .     Gourm    .   (no shield)
rNeg     . . .     Faith    .   a - +0 robe
rPois    .         Spirit   .   (no helmet)
rElec    .         Reflect  .   (no cloak)
rCorr    .         Harm     .   (no gloves)
MR       .....                  (no boots)
Stlth    ++........             (no amulet)
HPRegen  0.06/turn              (no ring)
MPRegen  0.12/turn              (no ring)

@: icy armour (expiring), slow
A: no striking features
a: no special abilities


You were on level 3 of the Dungeon.
You were hungry.

You visited 1 branch of the dungeon, and saw 3 of its levels.

You collected 90 gold pieces.

Inventory:

Armour
 a - a +0 robe (worn)
 e - a +0 buckler
Scrolls
 g - a scroll of enchant weapon {unknown}
 h - a scroll of random uselessness {unknown}
 i - a scroll of magic mapping {unknown}
 j - a scroll of enchant armour {unknown}
 k - 3 scrolls of remove curse {unknown}
 l - a scroll of immolation {unknown}
 m - a scroll of noise {unknown}
Potions
 f - a potion of curing {unknown}
 n - a potion of lignification {unknown}
 p - a potion of flight
 q - a potion of brilliance {unknown}
Books
 b - a book of Frost

   Spells                             Type                      Level
   a - Freeze                         Ice                          1
   b - Throw Frost                    Conjuration/Ice              2
   c - Ozocubu's Armour               Charms/Ice                   3
   d - Throw Icicle                   Conjuration/Ice              4
   e - Summon Ice Beast               Ice/Summoning                4
Comestibles
 c - 4 rations
 o - a chunk of flesh


   Skills:
 - Level 2.4 Dodging
 - Level 2.4 Stealth
 + Level 3.9 Spellcasting
 + Level 1.4 Conjurations
 * Level 1.5 Charms
 + Level 4.5 Ice Magic


You had 3 spell levels left.
You knew the following spells:

 Your Spells              Type           Power        Failure   Level  Hunger
a - Throw Frost           Conj/Ice       ##....       7%          2    ##.....
b - Freeze                Ice            ###.         2%          1    None
c - Ozocubu's Armour      Chrm/Ice       ##......     14%         3    ###....


Dungeon Overview and Level Annotations

Branches:
Dungeon (3/15)

Altars:


Message History

Your icy armour starts to melt.
You are feeling hungry.
You're too confused to cast spells.
You bump into the rock wall.
Something hits you but does no damage.
You're too confused to cast spells.
You bump into the rock wall.
Something hits you but does no damage.
You bump into the rock wall.
You feel less confused. Something hits you but does no damage.
Casting: Freeze
Confirm with . or Enter, or press ? or * to list all spells.
You can't see any susceptible monsters within range! (Use Z to cast anyway.)
Casting: Freeze
Confirm with . or Enter, or press ? or * to list all spells.
Aiming: Freeze
Press: ? - help, Shift-Dir - straight line You freeze something.
The orc shouts!
Something hits you.
You die...

#........#
#.###.##.#
#.##.#
###.###.##.###
.<...........#
###.###.##.#.#
#.###.##.#.#
#........#.#
#....<####@#
####### #.#
####o######
#......o..#
#.##.####.# #
#.# #)# #.
#o## #o#
##.##..# #.#
###...##.# #.#


You could see 2 orcs.

Vanquished Creatures
  3 adders (D:2)
  2 worms (D:2)
  A dart slug (D:2)
  An orc (D:3)
  A giant cockroach (D:2)
  4 goblins
  3 hobgoblins
  3 jackals (D:1)
  A ball python (D:2)
  3 bats
  5 frilled lizards
  A kobold (D:2)
  6 rats
34 creatures vanquished.

Notes
Turn   | Place    | Note
-------+----------+-------------------------------------------
     0 | D:1      | pokedragonboy the Deep Elf Ice Elementalist began the quest for the Orb.
     0 | D:1      | Reached XP level 1. HP: 10/10 MP: 6/6
   597 | D:1      | Reached XP level 2. HP: 15/15 MP: 5/8
   852 | D:2      | Learned a level 2 spell: Throw Frost
   863 | D:2      | Reached skill level 4 in Ice Magic
   943 | D:2      | Reached XP level 3. HP: 17/19 MP: 5/10
  1110 | D:2      | Learned a level 3 spell: Ozocubu's Armour
  1628 | D:2      | Reached skill level 1 in Charms
  2415 | D:3      | Slain by an orc wizard

Skill      XL: |  1  2  3 |
---------------+----------+-----
Ice Magic      | 4 |  4.5
Charms         | 1 |  1.5
Dodging        | |  2.4
Stealth        | |  2.4
Spellcasting   | |  3.9
Conjurations   | |  1.4

Action                   || total
-------------------------++-------
 Cast: Freeze            ||    34
       Throw Frost       ||    26
       Ozocubu's Armour  ||     2
  Use: Potion            ||     5
  Eat: Chunk             ||     5
Armor: Robe              ||    10
Dodge: Dodged            ||    33
